 Dungeon Crawl Stone Soup version 0.26-a0-682-g294304f6e8 (webtiles) character file.

Game seed: 13703778768602540098

95 Kinoniko the Skirmisher (level 4, -4/48 HPs)
             Began as an Ogre Fighter on Oct 20, 2020.
             Slain by a gnoll
             ... wielding a +0 spear
              (5 damage)
             ... on level 4 of the Dungeon.
             The game lasted 00:02:05 (1993 turns).

Kinoniko the Skirmisher (Ogre Fighter)              Turns: 1993, Time: 00:02:05

Health: -4/48      AC:  6    Str: 20    XL:     4   Next: 66%
Magic:  13/13      EV:  8    Int:  9    God:
Gold:   100        SH:  9    Dex:  9    Spells: 3/3 levels left

rFire    + . .     SeeInvis .   a - +0 trident
rCold    . . .     Faith    .   c - +1 kite shield
rNeg     . . .     Spirit   .   h - +2 robe {rF+}
rPois    .         Reflect  .   (helmet restricted)
rElec    .         Harm     .   j - +0 cloak
rCorr    .         Rampage  .   (gloves unavailable)
MR       .....                  (boots unavailable)
Stlth    ..........             (no amulet)
HPRegen  0.16/turn              o - ring of magical power
MPRegen  0.13/turn              g - ring of attention (curse)

@: mighty
A: large, unfitting armour, tough skin 1
a: no special abilities


You were on level 4 of the Dungeon.
You visited 1 branch of the dungeon, and saw 3 of its levels.

You collected 100 gold pieces.

Inventory:

Hand Weapons
 a - a +0 trident (weapon)
Armour
 b - a +0 robe
 c - a +1 kite shield (worn)
 h - a +2 robe of fire resistance (worn)
 j - a +0 cloak (worn)
Jewellery
 g - a cursed ring of attention (right hand)
 o - a ring of magical power (left hand)
Wands
 m - a wand of paralysis (6)
Potions
 e - a potion of stabbing {unknown}
 f - 2 potions of flight {unknown}
 k - a potion of degeneration {unknown}
 l - a potion of invisibility {unknown}
 n - 2 potions of haste {unknown}


   Skills:
 - Level 4.0 Fighting
 * Level 4.0 Polearms
 - Level 2.6 Dodging
 + Level 3.4 Shields


You had 3 spell levels left.
You didn't know any spells.
Your spell library was empty.

Dungeon Overview and Level Annotations

Branches:
Dungeon (2/15)

Altars:


Innate Abilities, Weirdness & Mutations

You are too large for most types of armour.
You have tough skin. (AC +1)


Message History

The gnoll is moderately wounded.
You block the gnoll's attack. x2; The gnoll hits you but does no damage.
The gnoll closely misses you.
You puncture the gnoll!
You kill the gnoll!
The gnoll hits you from afar with a +0 spear.
* * * LOW HITPOINT WARNING * * *
The gnoll hits you.
* * * LOW HITPOINT WARNING * * *
The gnoll hits you but does no damage. The gnoll hits you!
* * * LOW HITPOINT WARNING * * *
The leopard gecko bites you but does no damage.
Things that are here:
a +0 whip; a +0 whip; a gnoll corpse Unknown command.
You puncture the gnoll!
You kill the gnoll!
Your Polearms skill increases to level 4!
The gnoll hits you from afar with a +0 spear.
You die...

#########
........############
....................
....................
............†.......
............@.......
........####.l......
######### #.g.....≈
#.w....≈≈ #......≈≈
#......≈≈ #.......≈
#$......#


You could see a gnoll, a dart slug and a leopard gecko.

Vanquished Creatures
  2 adders (D:2)
  3 gnolls (D:4)
  5 dart slugs
  A leopard gecko (D:2)
  4 bats
  5 goblins
  7 hobgoblins (D:1)
  8 kobolds
  A quokka (D:2)
  A ball python (D:2)
  A leopard gecko skeleton (D:4)
  2 rats
40 creatures vanquished.

Notes
Turn   | Place    | Note
-------+----------+-------------------------------------------
     0 | D:1      | Kinoniko the Ogre Fighter began the quest for the Orb.
     0 | D:1      | Reached XP level 1. HP: 24/24 MP: 1/1
   118 | D:1      | Reached XP level 2. HP: 32/32 MP: 2/2
   768 | D:1      | Reached XP level 3. HP: 39/39 MP: 3/3
  1906 | D:2      | Reached XP level 4. HP: 48/48 MP: 4/4
  1964 | D:2      | You fall into a shaft and drop 2 floors!
  1992 | D:4      | HP: 1/48 [gnoll (8)]
  1993 | D:4      | Slain by a gnoll

Illustrated notes

Levels and vault maps discovered:
D:1:      co_arrival_square_in_a_square_in_a_square, layout_basic, hex_tiny
D:2:      layout_loops_ring
D:4:      layout_basic, kennysheep_slug_shrine, uniq_edmund

Skill      XL: |  1  2  3  4 |
---------------+-------------+-----
Shields        | 3 |  3.4
Polearms       | 3 4 |  4.0
Fighting       | |  4.0
Dodging        | |  2.6

Action                   |  1- 3 |  4- 6 || total
-------------------------+-------+-------++-------
Melee: Trident           |   102 |    16 ||   118
  Use: Scroll            |     3 |       ||     3
       Potion            |       |     1 ||     1
 Stab: Sleeping          |     3 |       ||     3
Armor: Robe              |    26 |     4 ||    30
Dodge: Dodged            |    27 |     5 ||    32
Block: Kite shield       |    32 |    10 ||    42

Table legend: (Time is in decaauts)
 A = Elapsed time spent in this place.
 B = Non-inter-level travel time spent in this place.
 C = Inter-level travel time spent in this place.
 D = Time resting spent in this place.
 E = Time spent auto-exploring this place.
 F = Levels seen in this place.
 G = Mean time per level.
                   A        B        C        D        E       F      G
               +--------+--------+--------+--------+--------+-----+--------+
         Total |   2017 |   1967 |     50 |    437 |   1261 |   3 |  672.3 |
       Dungeon |   2017 |   1967 |     50 |    437 |   1261 |   3 |  672.3 |
               +--------+--------+--------+--------+--------+-----+--------+

Top non-repeatable levels by time:
     D:1: 1321 daAuts
     D:2: 664 daAuts
     D:4: 30 daAuts
